 Dungeon Crawl Stone Soup version 0.17.1-2-g5865329 (webtiles) character file.

86 GloomyFox the Skirmisher (level 4, -2/29 HPs)
             Began as a Gargoyle Berserker on Jan 11, 2016.
             Was a Priest of Trog.
             Slain by a gnoll
             ... wielding a +0 club
              (4 damage)
             ... on level 3 of the Dungeon on Feb 14, 2016.
             The game lasted 00:25:32 (2482 turns).

GloomyFox the Skirmisher (Gargoyle Berserker)       Turns: 2482, Time: 00:25:33

Health: -2/29      AC: 10    Str: 22    XL:     4   Next: 49%
Magic:  4/4        EV: 11    Int:  7    God:    Trog [***...]
Gold:   97         SH:  0    Dex:  9    Spells: 0 memorised, 3 levels left

rFire  . . .     SeeInvis .     a - +0 mace
rCold  . . .     Clarity  .     k - +0 ring mail
rNeg   + . .     SustAt   .     (no shield)
rPois  ∞         Gourm    .     m - +0 helmet
rElec  +         Spirit   .     (no cloak)
rCorr  .         Warding  .     (no gloves)
rMut   .         Stasis   .     (no boots)
MR     .....                    (no amulet)
Stlth  ..........               (no ring)
                                (no ring)

@: not resistant to hostile enchantments, extremely unstealthy
A: negative energy resistance 1, electricity resistance, unbreathing,
petrification resistance, rot immunity, AC +3
a: Berserk, Trog's Hand, Burn Spellbooks, Renounce Religion


You were on level 3 of the Dungeon.
You worshipped Trog.
Trog was most pleased with you.
You were not hungry.

You visited 1 branch of the dungeon, and saw 3 of its levels.

You collected 97 gold pieces.

Inventory:

Hand Weapons
 a - a +0 mace (weapon)
 c - a +0 spear
 d - a +0 short sword
 e - a +0 dagger
Missiles
 h - 23 arrows
 s - 5 needles of paralysis
 t - 17 arrows of frost
 v - 5 curare-tipped needles
Armour
 b - a +0 animal skin
 g - a +0 cloak
 k - a +0 ring mail (worn)
 m - a +0 helmet (worn)
Jewellery
 r - an uncursed ring of poison resistance {unknown}
Scrolls
 i - 2 scrolls of enchant weapon {unknown}
 l - 6 scrolls of identify {unknown}
 n - a scroll of noise {unknown}
 q - a scroll of random uselessness {unknown}
Potions
 j - a potion of brilliance {unknown}
 p - a potion of lignification {unknown}
 u - a potion of poison {unknown}
Comestibles
 f - 2 beef jerkies
 o - a bread ration


   Skills:
 + Level 3.9 Fighting
 + Level 3.5 Maces & Flails
 + Level 2.8 Armour
 + Level 2.6 Dodging
 + Level 0.2 Stealth


You had 3 spell levels left.
You didn't know any spells.

Dungeon Overview and Level Annotations

Branches:
Dungeon (3/15)

Altars:

Annotations:
D:3 Grinder


Innate Abilities, Weirdness & Mutations

You are resistant to torment.
Your stone body is resilient (AC +3).
You are immune to poison.
You resist negative energy.
You are resistant to electric shocks.
You can survive without breathing.
You are immune to petrification.
You are immune to rotting.


Message History

You can move again.
You thump Grinder!
Grinder is moderately wounded.
Grinder hits you but does no damage.
You hit Grinder.
Grinder is heavily wounded.
The gnoll barely misses you. Grinder hits you.
* * * LOW HITPOINT WARNING * * *
Your ring mail prevents you from hitting Grinder.
Grinder is heavily wounded.
Grinder gestures at you. Pain shoots through your body!
* * * LOW HITPOINT WARNING * * *
A gnoll comes into view.
The gnoll shouts!
You hit Grinder.
Grinder is severely wounded.
Grinder hits you but does no damage. The gnoll hits you but does no damage.
The gnoll hits you with a club.
You die...

#...# #.......#
###...####..####.#######
##......†................
.........###..###.#######
.........# #..###.#
...#...### #....†.#
...#.).# ##.#####
...##### ###.#.####
(..########.....@5.#
.........##..##g#g......
>..#####.#............>.
.................[......
........................
...................?....
...#.###.#.#............
.........#.....g$.......
...#.#####


You could see Grinder and 3 gnolls.

Vanquished Creatures
  2 adders (D:2)
  A ball python (D:2)
  7 giant cockroaches
  7 goblins
  14 hobgoblins
  2 bats
  3 giant newts (D:1)
  7 jackals
  8 kobolds
  9 rats
  A plant (D:2)
61 creatures vanquished.

Notes
Turn   | Place    | Note
--------------------------------------------------------------
     0 | D:1      | GloomyFox the Gargoyle Berserker began the quest for the Orb.
     0 | D:1      | Reached XP level 1. HP: 14/14 MP: 1/1
   213 | D:1      | Reached XP level 2. HP: 5/19 MP: 2/2
  1050 | D:1      | Reached ** piety under Trog
  1050 | D:1      | Reached XP level 3. HP: 24/24 MP: 3/3
  2115 | D:2      | Reached XP level 4. HP: 25/29 MP: 4/4
  2284 | D:2      | Reached *** piety under Trog
  2466 | D:3      | Noticed Grinder
  2473 | D:3      | Paralysed by Grinder for 6 turns
  2482 | D:3      | Slain by a gnoll

Action                   |  1- 3 |  4- 6 || total
-------------------------+-------+-------++-------
Melee: Mace              |   223 |    44 ||   267
Invok: Berserk           |     1 |       ||     1
  Eat: Bread ration      |     1 |     1 ||     2
